 Dungeon Crawl Stone Soup version 0.31.0-11-ge490571c62 (webtiles) character file.

Game seed: 11797772314727644498

1876 qw the Skirmisher (level 8, -1/46 HPs)
             Began as a Deep Elf Hunter on Feb 3, 2024.
             Was a Follower of Okawaru.
             Slain by Duvessa
             ... wielding a +2 short sword of electrocution
              (11 damage)
             ... on level 7 of the Dungeon.
             The game lasted 00:00:32 (5517 turns).

qw the Skirmisher (Deep Elf Hunter)                 Turns: 5517, Time: 00:00:32

Health: -1/46      AC: 10    Str: 10    XL:     8   Next: 91%
Magic:  13/13      EV: 12    Int: 15    God:    Okawaru [*.....]
Gold:   70         SH:  0    Dex: 18    Spells: 7/7 levels left

rFire   . . .        a - +0 shortbow
rCold   + . .        (shield currently unavailable)
rNeg    . . .        e - +0 ring mail
rPois   +            j - +0 helmet
rElec   .            d - +0 cloak
rCorr   .            h - +1 pair of gloves
SInv    .            m - +0 pair of boots
Will    .....        (no amulet)
Stlth   +            g - ring of poison resistance
HPRegen 0.27/turn    n - ring of protection from cold
MPRegen 0.13/turn

%: no passive effects
@: no status effects
A: no striking features
a: Renounce Religion, Heroism


You were on level 7 of the Dungeon.
You worshipped Okawaru.
Okawaru was aware of your devotion.
You visited 2 branches of the dungeon, and saw 8 of its levels.

You collected 266 gold pieces.
You spent 196 gold pieces at shops.


   Skills:
 - Level 3.0 Fighting
 + Level 13.1 Ranged Weapons
 - Level 2.0 Armour
 - Level 4.5 Dodging
 - Level 1.2 Stealth
 - Level 4.1 Invocations


You had 7 spell levels left.
You didn't know any spells.
Your spell library was empty.

Inventory:

Hand Weapons
 a - a +0 shortbow (weapon)
Armour
 d - a +0 cloak (worn)
 e - a +0 ring mail (worn)
 h - a +1 pair of gloves (worn)
 j - a +0 helmet (worn)
 m - a +0 pair of boots (worn)
Jewellery
 g - a ring of poison resistance (left hand)
 l - a ring of willpower
 n - a ring of protection from cold (right hand)
Scrolls
 b - 2 scrolls of identify
Potions
 c - 3 potions of resistance
 f - 4 potions of curing
 i - a potion of mutation
 k - a potion of heal wounds
 o - a potion of enlightenment

Dungeon Overview and Level Annotations

Branches:
Dungeon (7/15)             Temple (1/1) D:4

Altars:
Ashenzari
Cheibriados
Dithmenos
Elyvilon
Fedhas
Gozag
Hepliaklqana
Kikubaaqudgha
Makhleb
Nemelex Xobeh
Okawaru
Qazlal
Sif Muna
Trog
Uskayaw
Vehumet
Wu Jian
Xom
Yredelemnul
Zin
The Shining One

Shops:
D:3 *   D:4 [([   D:5 (!*(

Annotations:
D:7 Duvessa


Message History

You shoot an arrow.
The arrow hits Duvessa but does no damage.
Duvessa is moderately wounded.
You shoot an arrow. The arrow hits Duvessa.
Duvessa is moderately wounded.
Duvessa hits you with a +2 short sword of electrocution.
You shoot an arrow. The arrow closely misses Duvessa.
Duvessa closely misses you.
You shoot an arrow. The arrow hits Duvessa!
Duvessa is severely wounded.
Duvessa hits you with a +2 short sword of electrocution.
You shoot an arrow. The arrow closely misses Duvessa.
Duvessa hits you with a +2 short sword of electrocution.
You are electrocuted!
You shoot an arrow.
The arrow hits Duvessa but does no damage.
Duvessa is severely wounded.
Duvessa barely misses you.
You shoot an arrow. The arrow hits Duvessa.
Duvessa is severely wounded.
Duvessa closely misses you.
You shoot an arrow. The arrow closely misses Duvessa.
Duvessa barely misses you.
You shoot an arrow. The arrow barely misses Duvessa.
Duvessa hits you with a +2 short sword of electrocution.
You shoot an arrow.
The arrow hits Duvessa but does no damage.
Duvessa is severely wounded.
Duvessa hits you but does no damage.
You shoot an arrow. The arrow closely misses Duvessa.
Duvessa barely misses you.
You shoot an arrow.
The arrow hits Duvessa but does no damage.
Duvessa is severely wounded.
You shoot an arrow.
The arrow hits Duvessa but does no damage.
Duvessa is severely wounded.
Duvessa hits you with a +2 short sword of electrocution.
You are electrocuted!
You die...

#.. #..<..#.
.....#....#....#.#
....#.. ..#...###. ##
...#... #.###.#.. ..###
..# ..###...#...
...#.###.#.###.#....#...
#.....###...#.....#...
#....e.#....#....#.###
..#....@#.....#...#####.
#......#....#.#### #.
##.....#...###...# #.
####.#.#### ##### #.
##### #. #. #. #. #.


You could see Duvessa.

Vanquished Creatures
  A kobold demonologist (D:5)
  Prince Ribbit (D:7)
  An ice beast (D:5)
  A black bear (D:5)
  An ogre (D:5)
  2 phantoms
  5 scorpions
  4 howler monkeys
  3 hounds
  3 orc priests
  2 iguanas
  2 sleepcaps
  3 orc wizards
  9 adders
  A shadow imp (D:7)
  4 dart slugs
  9 ribbon worms
  12 orcs
  7 ball pythons
  10 endoplasms
  2 giant cockroaches
  7 goblins
  6 hobgoblins
  3 jackals (D:3)
  8 kobolds
  9 quokkas
  A bat (D:1)
  2 frilled lizards
  11 rats
130 creatures vanquished.

Notes
Turn   | Place    | Note
-------+----------+-------------------------------------------
     0 | D:1      | qw the Deep Elf Hunter began the quest for the Orb.
     0 | D:1      | Reached XP level 1. HP: 12/12 MP: 3/3
     0 | D:1      | 0 ||| qw: Version: 0.3-a-155-g5e7d8dd
     0 | D:1      | 0 ||| qw: Game counter: 3451
     0 | D:1      | 0 ||| qw: Melee chars always use a shield: true
     0 | D:1      | 0 ||| qw: God list: Okawaru
     0 | D:1      | 0 ||| qw: Allow faded altars: false
     0 | D:1      | 0 ||| qw: Do Orc after clearing Dungeon:15 true
     0 | D:1      | 0 ||| qw: Do second Lair branch before Depths: true
     0 | D:1      | 0 ||| qw: Lair rune preference: random
     0 | D:1      | 0 ||| qw: Goals: Normal
     0 | D:1      | 0 ||| PLANNING D:1-11
   124 | D:1      | Reached XP level 2. HP: 16/16 MP: 4/4
   233 | D:1      | Reached skill level 6 in Ranged Weapons
   444 | D:1      | Found a faded altar of an unknown god.
   863 | D:1      | 863 ||| UPGRADING to +0 cloak.
   868 | D:1      | 868 ||| UPGRADING to +0 ring mail.
   878 | D:1      | 878 ||| DROPPING +0 leather armour.
   879 | D:1      | 879 ||| UPGRADING to +0 helmet.
   884 | D:1      | 884 ||| UPGRADING to ring of poison resistance.
   885 | D:1      | 885 ||| READING scroll labelled QAECHO NAPP.
   886 | D:1      | 886 ||| DROPPING scroll of butterflies.
   934 | D:2      | 934 ||| STAIRDANCE
   992 | D:2      | Reached XP level 3. HP: 20/20 MP: 5/5
  1018 | D:2      | Noticed a phantom
  1033 | D:2      | Killed a phantom
  1034 | D:2      | Reached skill level 8 in Ranged Weapons
  1034 | D:2      | Reached XP level 4. HP: 15/25 MP: 6/6
  1228 | D:2      | Reached XP level 5. HP: 29/29 MP: 7/7
  1747 | D:2      | 1747 ||| UPGRADING to +0 pair of boots.
  1752 | D:2      | 1752 ||| READING 2 scrolls labelled ZOTAHE HEYSAT.
  1757 | D:2      | 1757 ||| READING scroll labelled MOTESHR EBUTZ.
  1758 | D:2      | 1758 ||| READING scroll labelled QOEQEPN YGHU.
  1758 | D:2      | 1758 ||| IDENTIFYING bubbling red potion
  1759 | D:2      | 1759 ||| DRINKING 2 viscous dark potions.
  1760 | D:2      | 1760 ||| DROPPING potion of degeneration.
  1789 | D:3      | 1789 ||| STAIRDANCE
  2148 | D:3      | Reached skill level 1 in Armour
  2251 | D:3      | Found a basalt altar of Yredelemnul.
  2255 | D:3      | Found a bloodstained altar of Trog.
  2260 | D:3      | Found an ornate altar of the Wu Jian Council.
  2294 | D:3      | Identified the +3 quarterstaff "Lefaufu" {flame, rPois
                  | rCorr Dex-3}
  2524 | D:3      | Found Siumur's General Store.
  2533 | D:3      | 2533 ||| SHOPLISTING +1 pair of gloves (138 gold, have
                  | 135).
  2533 | D:3      | 2533 ||| SHOPLISTING +4 scale mail of poison resistance
                  | (336 gold, have 135).
  2533 | D:3      | 2533 ||| SHOPLISTING wand of roots (12) (345 gold, have
                  | 135).
  2629 | D:4      | Reached skill level 9 in Ranged Weapons
  2662 | D:4      | Found a staircase to the Ecumenical Temple.
  2663 | D:4      | 2663 ||| PLANNING TEMPLE
  2663 | D:4      | 2663 ||| UPGRADING to +0 pair of gloves.
  2668 | D:4      | 2668 ||| READING 3 scrolls of identify.
  2668 | D:4      | 2668 ||| IDENTIFYING pink potion
  2669 | D:4      | 2669 ||| READING 2 scrolls of identify.
  2669 | D:4      | 2669 ||| IDENTIFYING bubbling orange potion
  2670 | D:4      | 2670 ||| READING scroll of identify.
  2670 | D:4      | 2670 ||| IDENTIFYING golden potion
  2671 | D:4      | 2671 ||| DROPPING potion of ambrosia.
  2680 | Temple   | Entered the Ecumenical Temple
  2681 | Temple   | 2681 ||| PLANNING OKAWARU WORSHIP
  2689 | Temple   | Became a worshipper of Warmaster Okawaru
  2690 | Temple   | 2690 ||| PLANNING D:1-11
  2736 | D:4      | Found Pengilig's Weapon Boutique.
  2747 | D:4      | Reached XP level 6. HP: 21/35 MP: 8/8
  2752 | D:4      | HP: 4/35 [ribbon worm (6)]
  2753 | D:4      | 2753 ||| READING scroll of teleportation.
  2754 | D:4      | 2754 ||| DRINKING potion of heal wounds.
  2755 | D:4      | Found Raufot's Antique Armour Emporium.
  2772 | D:4      | 2772 ||| SHOPLISTING glowing pearl dragon scales (3369
                  | gold, have 168).
  2772 | D:4      | 2772 ||| SHOPLISTING runed ring mail (231 gold, have 168).
  2772 | D:4      | 2772 ||| SHOPLISTING shiny troll leather armour (594 gold,
                  | have 168).
  2785 | D:4      | HP: 7/35 [something/magic dart (5)]
  2792 | D:4      | HP: 1/35 [something/puff of flame (6)]
  2993 | D:4      | 2993 ||| FLEEEEING.
  2994 | D:4      | 2994 ||| FLEEEEING.
  2995 | D:4      | 2995 ||| FLEEEEING.
  2996 | D:4      | 2996 ||| FLEEEEING.
  3199 | D:4      | 3199 ||| FLEEEEING.
  3200 | D:4      | 3200 ||| FLEEEEING.
  3201 | D:4      | 3201 ||| FLEEEEING.
  3202 | D:4      | 3202 ||| FLEEEEING.
  3205 | D:4      | 3205 ||| FLEEEEING.
  3206 | D:4      | 3206 ||| FLEEEEING.
  3207 | D:4      | 3207 ||| FLEEEEING.
  3290 | D:4      | Reached skill level 10 in Ranged Weapons
  3345 | D:4      | Reached skill level 3 in Dodging
  3424 | D:4      | Found Asatsof's Armour Emporium.
  3427 | D:4      | 3427 ||| SHOPLISTING +4 scale mail of the Wary Gazing Seas
                  | {-Cast rF+ Will+} (402 gold, have 189).
  3710 | D:4      | Found a hide-covered altar of Uskayaw.
  3922 | D:4      | 3922 ||| DROPPING ring of magical power.
  3923 | D:4      | 3923 ||| READING 2 scrolls of identify.
  3923 | D:4      | 3923 ||| IDENTIFYING fuming grey potion
  3924 | D:4      | 3924 ||| READING scroll of identify.
  3924 | D:4      | 3924 ||| IDENTIFYING scroll labelled PETYRUH OTWI
  3925 | D:4      | 3925 ||| READING scroll of enchant armour.
  3925 | D:4      | 3925 ||| ENCHANTING +0 pair of gloves.
  3941 | D:5      | Entered Level 5 of the Dungeon
  3953 | D:5      | 3953 ||| DRINKING potion of haste.
  3957 | D:5      | Reached XP level 7. HP: 33/40 MP: 9/9
  4117 | D:5      | Reached * piety under Okawaru
  4118 | D:5      | Reached skill level 11 in Ranged Weapons
  4152 | D:5      | Noticed a kobold demonologist
  4153 | D:5      | 4153 ||| INVOKING Heroism.
  4163 | D:5      | Noticed an orange demon
  4168 | D:5      | Noticed a chaos spawn
  4174 | D:5      | HP: 10/40 [orange demon[a kobold demonologist] (9)]
  4175 | D:5      | 4175 ||| DRINKING 2 potions of heal wounds.
  4191 | D:5      | 4191 ||| INVOKING Heroism.
  4192 | D:5      | Killed a kobold demonologist
  4193 | D:5      | Reached skill level 12 in Ranged Weapons
  4193 | D:5      | Reached XP level 8. HP: 28/44 MP: 7/10
  4414 | D:5      | Found a glowing golden altar of the Shining One.
  4441 | D:5      | Reached skill level 1 in Invocations
  4510 | D:5      | Found an ornate altar of the Wu Jian Council.
  4580 | D:5      | Found a radiant altar of Vehumet.
  4632 | D:5      | Reached skill level 3 in Fighting
  4794 | D:5      | Reached skill level 3 in Invocations
  4846 | D:5      | Found Failan's Distillery.
  4850 | D:5      | Found Otyewowura's General Store.
  4853 | D:5      | 4853 ||| SHOPLISTING 2 potions of haste (280 gold, have
                  | 225).
  4853 | D:5      | 4853 ||| SHOPLISTING 2 potions of resistance (280 gold,
                  | have 225).
  4853 | D:5      | 4853 ||| BUYING potion of curing (42 gold).
  4853 | D:5      | Bought a potion of curing for 42 gold pieces
  4853 | D:5      | 4853 ||| BUYING potion of curing (42 gold).
  4853 | D:5      | Bought a potion of curing for 42 gold pieces
  4853 | D:5      | 4853 ||| BUYING potion of curing (42 gold).
  4853 | D:5      | Bought a potion of curing for 42 gold pieces
  4853 | D:5      | 4853 ||| BUYING potion of enlightenment (70 gold).
  4853 | D:5      | Bought a potion of enlightenment for 70 gold pieces
  4853 | D:5      | 4853 ||| SHOPLISTING potion of heal wounds (70 gold, have
                  | 29).
  4854 | D:5      | Found Konn's Weapon Emporium.
  4854 | D:5      | Found Kas Liur's Antique Weapon Emporium.
  4859 | D:5      | 4859 ||| SHOPLISTING potion of curing (42 gold, have 29).
  4859 | D:5      | 4859 ||| SHOPLISTING scroll of enchant armour (105 gold,
                  | have 29).
  4859 | D:5      | 4859 ||| SHOPLISTING scroll of enchant weapon (105 gold,
                  | have 29).
  4859 | D:5      | 4859 ||| SHOPLISTING wand of quicksilver (6) (352 gold,
                  | have 29).
  4868 | D:5      | 4868 ||| SHOPLISTING glowing orcbow (156 gold, have 29).
  5008 | D:5      | 5008 ||| DROPPING ring of flight.
  5009 | D:5      | 5009 ||| UPGRADING to ring of protection from cold.
  5010 | D:5      | 5010 ||| READING 3 scrolls of identify.
  5010 | D:5      | 5010 ||| IDENTIFYING metallic orange potion
  5033 | D:6      | You fall into a shaft and drop 1 floor!
  5034 | D:7      | 5034 ||| PLANNING OSSUARY
  5045 | D:7      | Noticed Prince Ribbit
  5046 | D:7      | 5046 ||| INVOKING Heroism.
  5066 | D:7      | 5066 ||| INVOKING Heroism.
  5071 | D:7      | Killed Prince Ribbit
  5149 | D:7      | Reached skill level 13 in Ranged Weapons
  5264 | D:7      | Found a sparkling altar of Nemelex Xobeh.
  5502 | D:7      | Noticed Duvessa
  5517 | D:7      | HP: 10/46 [Duvessa/+2 short sword of electrocution (5)]
  5517 | D:7      | Slain by Duvessa

Levels and vault maps discovered:
D:1:      dpeg_arrival_ratfight, layout_loops_corners,
          shapermc_ecumenical_altar_mp_urbaneastern, kennysheep_pointless_box
D:2:      layout_loops_ring
D:3:      layout_loops_ring, grunt_temple_overflow_diamond, serial_shops,
          nicolae_lakefront_shop, grunt_decor_clamped
D:4:      layout_layer_cave, mainiacjoe_overflow_boulevard,
          minmay_temple_entry_waves, serial_shops, nicolae_square_shop,
          shop_statue, nicolae_shop_real_fake_doors, nicolae_wormholes
D:5:      layout_basic, mainiacjoe_overflow_catwalk_spiral, serial_glass,
          glass_columns_a, glass_columns_a, minmay_shop_grid_forest,
          minmay_ruined_shrine
D:6:      layout_basic, serial_bayou_pond_a
D:7:      nicolae_BIG_FREAKIN_CUBE, layout_basic,
          mainiacjoe_overflow_six_doors_small, enter_bailey_3, serial_glass,
          glass_columns_a, glass_columns_c, due_unseen_surprise,
          minmay_strange_pillars, enter_ossuary_2, kb_lookout_dungeons_type,
          minmay_stone_trees_small, hangedman_abyss_or_decor_slice, uniq_joseph,
          uniq_duvessa, uniq_prince_ribbit1
Temple:   compressed_dpeg_circular_temple

Skill      XL: |  1  2  3  4  5  6  7  8 |
---------------+-------------------------+-----
Ranged Weapons | 6 8 9 10 12 13 | 13.1
Armour         | 1 2 |  2.0
Fighting       | 2 3 |  3.0
Dodging        | 3 4 |  4.5
Invocations    | 4 |  4.1
Stealth        | |  1.2

Action                     |  1- 3 |  4- 6 |  7- 9 || total
---------------------------+-------+-------+-------++-------
   Fire: Shortbow          |    86 |   300 |   245 ||   631
 Invoke: Heroism           |       |       |     4 ||     4
    Use: Scroll            |     1 |    10 |     1 ||    12
         Potion            |       |     3 |     1 ||     4
 Armour: Leather armour    |     4 |       |       ||     4
         Ring mail         |    15 |   126 |    83 ||   224
  Dodge: Dodged            |    30 |    80 |    65 ||   175

Table legend:
 A = Non-vault XP
 B = Vault XP
 C = Vault XP percentage of total XP
 D = Non-vault monster count
 E = Vault monster count
 F = Vault count percentage of total count
                 A         B        C        D         E       F
            +---------+---------+-------+---------+---------+-------
      Total |    1704 |     976 |  36.4 |     111 |      19 |  14.6
            +---------+---------+-------+---------+---------+-------
        D:1 |      29 |       5 |  14.7 |      18 |       5 |  21.7
        D:2 |     226 |       0 |   0.0 |      30 |       0 |   0.0
        D:3 |      43 |       0 |   0.0 |      17 |       0 |   0.0
        D:4 |     317 |      28 |   8.1 |      22 |       6 |  21.4
        D:5 |     685 |     679 |  49.8 |      13 |       7 |  35.0
        D:7 |     404 |     264 |  39.5 |      11 |       1 |   8.3
            +---------+---------+-------+---------+---------+-------
